Unix NetHack Version 5.0.0-0 post-release - last build May 23 2026 06:08:33 (1c0ff79ee797540d5714e4e18072db0edd9e58ae,branch:main).

Game began 2026-05-24 00:26:32, ended 2026-05-26 05:14:28.

CyberFan, lawful male dwarven Archeologist

                    -----       ------------              ------------
                  #%....|       |..........-#######       |..........|
                  # |...|       |..........|      ###     |..........|
                  # |...|       -------.----              |..>.......|
                 ## |....              #                  |..........|
                 #  -----              ##                 ----.-------
                 #                      ###@#                 #
   -------------##                          q                 #
   |...........|#                           #             #####
   |...........+#                           #            -|-----
   |...........|                            #            |.....|
   -------------                            ##           |.....|
                                             ###         |.....|
                                               ####      |.....|
                                            #     #     #......|
                                         ---|-----|--   #-------
                                         |..........|  ##
                                         |......(.<..###
                                         ------------

CyberFan the Investigator  St:17 Dx:9 Co:15 In:16 Wi:16 Ch:8  Lawful
Dlvl:8  $:280 HP:0(70) Pw:30(30) AC:2  Xp:9/2905 T:8906 

Latest messages:
 You kill the gremlin!
 You see here a gremlin corpse.
 The leprechaun strikes at your displaced image and misses you!
 The leprechaun strikes at your displaced image and misses you!
 You materialize in a different location!
 You hit the chickatrice!
 You hear the footsteps of a guard on patrol.
 You kill the chickatrice!
 The chickatrice strikes at your displaced image and misses you!
 You hit the chickatrice.
 The chickatrice bites!
 The chickatrice touches you!
 You hear the chickatrice's hissing!
 You hit the chickatrice!
 The chickatrice bites!
 The chickatrice just misses!
 You kill the chickatrice!
 $ - 31 gold pieces (280 in total).
 In what direction?
 The door resists!
 In what direction?
 The door opens.
 You see here a gremlin corpse.
 You see here a gremlin corpse.
 You materialize in a different location!
 You miss the mumak.
 The mumak strikes at your displaced image and misses you!
 You miss the mumak.
 The mumak butts!
 The mumak just misses!
 You miss the mumak.
 The mumak butts!
 The mumak misses!
 What do you want to read? [ejkmzAEGJRUX or ?*]
 As you read the scroll, it disappears.
 You materialize in a different location!
 You see here a gremlin corpse.
 In what direction?
 The door closes.
 You see here a chickatrice corpse.
 d - a chickatrice corpse.
 You materialize in a different location!
 Where do you want to travel to?
 (For instructions type a '?')
 What do you want to wield? [- lO or ?*]
 d - a chickatrice corpse (wielded).
 You begin bashing monsters with your chickatrice corpse.
 You miss the mumak.
 The mumak butts!
 You die...

Inventory:
 Coins    ('$')
  $ - 280 gold pieces
 Weapons  (')')
  O - an uncursed +0 dwarvish mattock
 Armor    ('[')
  P - an uncursed thoroughly rusty +3 dwarvish iron helm (being worn)
  Z - an uncursed +0 pair of leather gloves (being worn)
  Q - an uncursed +0 pair of iron shoes (being worn)
  r - an uncursed +0 cloak of displacement (being worn)
  b - an uncursed +0 leather jacket (being worn)
 Comestibles  ('%')
  n - an uncursed fortune cookie
  d - an uncursed chickatrice corpse (wielded)
 Scrolls  ('?')
  A - an uncursed scroll of amnesia
  U - an uncursed scroll of charging
  j - 2 uncursed scrolls of create monster
  G - a blessed scroll of destroy armor
  e - 2 uncursed scrolls of earth
  E - a blessed scroll of fire
  R - an uncursed scroll of food detection
  X - 2 uncursed scrolls of identify
  k - an uncursed scroll of light
  J - a blessed scroll of magic mapping
  m - an uncursed scroll of magic mapping
 Potions  ('!')
  C - a cursed potion of enlightenment named cursed?
  v - an uncursed potion of gain energy
  u - 2 uncursed potions of monster detection
  o - an uncursed potion of object detection
 Rings    ('=')
  D - an uncursed ring of cold resistance
  y - an uncursed +1 ring of gain strength
  L - an uncursed +2 ring of increase accuracy
  s - an uncursed ring of levitation
  a - a cursed ring of searching
 Wands    ('/')
  c - an uncursed wand of fire (0:5)
  q - an uncursed wand of lightning (0:0)
  t - an uncursed wand of teleportation (0:6)
 Tools    ('(')
  h - an empty uncursed sack
  W - an uncursed lock pick
  i - an uncursed oil lamp
  f - an uncursed tinning kit (0:39)
  l - an uncursed +0 unicorn horn
 Gems/Stones  ('*')
  g - an uncursed touchstone

CyberFan the Archeologist's attributes:

Background:
 You were an Investigator, a level 9 male dwarven Archeologist.
 You were lawful, on a mission for Quetzalcoatl
 who was opposed by Camaxtli (neutral) and Huhetotl (chaotic).
 You were right-handed.
 You were in the Dungeons of Doom, on level 8.
 You entered the dungeon 8906 turns ago.
 It was nighttime.
 You had 2905 experience points, 2215 more were needed to attain level 10.

Basics:
 You had 0 out of 70 hit points.
 You had all 30 energy points (spell power).
 Your armor class was 2.
 Your wallet contained 280 zorkmids.
 Autopickup was on for '$%?!"=/*', with exceptions.

Final Characteristics:
 Your strength was 17 (limit:18/100).
 Your dexterity was 9 (limit:20).
 Your constitution was 15 (limit:20).
 Your intelligence was 16 (limit:16).
 Your wisdom was 16 (limit:16).
 Your charisma was 8 (limit:16).

Final Status:
 You weren't hungry.
 You were unencumbered.
 You were wielding a corpse.

Final Attributes:
 You were piously aligned.
 You were fire resistant.
 You had automatic searching.
 You had infravision.
 You were displaced.
 You were stealthy.
 You could teleport.
 You were warded.
 You are dead.

Miscellaneous:
 You disabled loading and storing of bones levels.
 Total elapsed playing time was 1 hour, 18 minutes and 52 seconds.

Major events:
 Turn
    1: CyberFan the lawful male dwarven Archeologist entered the dungeon
 1073: entered the Gnomish Mines
 1243: attained the rank of Field Worker (level 3)
 1667: reached Mine Town
 2904: entered Sokoban
 4173: attained the rank of Investigator (level 6)
 5524: completed 1st Sokoban level
 5909: completed 2nd Sokoban level
 6579: completed 3rd Sokoban level
 8906: killed by a mumak

You didn't know any spells.

Skills:
 Fighting Skills
   bare handed combat [Unskilled]
   two weapon combat  [Unskilled]
   riding             [Unskilled]
 Weapon Skills
   dagger             [Unskilled]
   knife              [Unskilled]
   pick-axe           [Skilled]
   short sword        [Unskilled]
   saber              [Basic]
   club               [Unskilled]
   quarterstaff       [Unskilled]
   sling              [Unskilled]
   dart               [Unskilled]
   boomerang          [Unskilled]
   whip               [Basic]
   unicorn horn       [Unskilled]
 Spellcasting Skills
   attack spells      [Unskilled]
   healing spells     [Unskilled]
   divination spells  [Unskilled]
   matter spells      [Unskilled]

Voluntary challenges:
 Character rerolling was not enabled.
 You never genocided any monsters.
 You never polymorphed an object.
 You never changed form.
 You used no wishes.
 You violated the special Sokoban rules once.
Achievements:
 You entered a shop.
 You entered the Gnomish Mines.
 You attained the rank of Field Worker.
 You entered Minetown.
 You entered a temple.
 You entered Sokoban.
 You attained the rank of Investigator.

 The Dungeons of Doom: levels 1 to 8
    Level 1:
    Level 2:
       A general store, a fountain, a sink.
    Level 3:
       Stairs down to The Gnomish Mines.
    Level 4:
       A potion shop.
    Level 5:
    Level 6:
       A food shop, a fountain.
       Stairs up to Sokoban, level 5.
    Level 7:
       A fountain.
    Level 8: <- You were here.
       Final resting place for
          you, killed by a mumak.
 The Gnomish Mines: levels 4 to 6
    Level 4:
    Level 5:
    Level 6:
       Many shops, a temple and an altar, some fountains.
 Sokoban: levels 5 up to 2
    Level 2:
       Unsolved.
    Level 3:
       Solved.
    Level 4:
       Solved.
    Level 5:
       Solved.


Vanquished creatures:
  a large dog
 an elf mummy
  a human mummy
  a wraith
 an ettin zombie
  a quivering blob
  a cockatrice
  3 wolves
  a winter wolf cub
  2 gremlins
  3 leprechauns
 an orc mummy
  2 dwarf mummies
  a rust monster
  a yeti
  3 chickatrices
  a dwarf leader
  a blue jelly
  a gray unicorn
  a black unicorn
  a dust vortex
  a raven
  a plains centaur
  a gnome mummy
  2 snakes
  a soldier ant
  a fire ant
  2 bugbears
  2 wood nymphs
  2 water nymphs
  3 Mordor orcs
 an orc shaman
  a rock piercer
  2 ponies
  a fog cloud
  a yellow light
  a violet fungus
  a gnome leader
  a golden naga hatchling
  2 gray oozes
  2 straw golems
  2 paper golems
  8 giant ants
  2 little dogs
  a floating eye
  3 kittens
  2 dwarves
  a homunculus
  a kobold leader
  2 kobold shamans
  a hill orc
  4 rothes
  a rabid rat
  2 giant bats
  a monkey
 an orc zombie
  a dwarf zombie
  a werejackal
  3 iguanas
  a gas spore
  6 hobbits
  2 large kobolds
  2 hobgoblins
  a giant rat
  a brown mold
  a yellow mold
  a green mold
  a red mold
  8 gnomes
  4 geckos
 16 jackals
  a fox
  2 kobolds
  3 goblins
  4 grid bugs
  4 bats
  2 lichens
  2 kobold zombies
  8 newts
165 creatures vanquished.

No species were genocided or became extinct.

Game over:
                       ----------
                      /          \
                     /    REST    \
                    /      IN      \
                   /     PEACE      \
                  /                  \
                  |     CyberFan     |
                  |      280 Au      |
                  |   killed by a    |
                  |      mumak       |
                  |                  |
                  |                  |
                  |       2026       |
                 *|     *  *  *      | *
        _________)/\\_//(\/(/\)/\//\/|_)_______

Goodbye CyberFan the Archeologist...

You died in The Dungeons of Doom on dungeon level 8 with 7798 points,
and 280 pieces of gold, after 8906 moves.
You were level 9 with a maximum of 70 hit points when you died.

